 Dungeon Crawl Stone Soup version 0.32-a0-22-g6ae6769602 (webtiles) character file.

Game seed: 12664977204079108847

2545 Lobster4 the Chopper (level 9, -1/80 HPs)
             Began as a Hill Orc Fighter on Jan 19, 2024.
             Was a Believer of Uskayaw.
             Slain by a hornet (8 damage)
             ... on level 7 of the Dungeon.
             The game lasted 00:17:27 (6518 turns).

Lobster4 the Chopper (Hill Orc Fighter)             Turns: 6518, Time: 00:17:28

Health: -1/80      AC:  9    Str: 19    XL:     9   Next: 55%
Magic:  12/12      EV:  9    Int: 14    God:    Uskayaw [**....]
Gold:   528        SH:  9    Dex: 10    Spells: 8/8 levels left

rFire   + + .        B - +5 flail "Joaggoihua" {drain, rF+ Int+2 SInv}
rCold   . . .        t - +0 kite shield
rNeg    . . .        l - +1 ring mail {rC+}
rPois   .            e - +1 helmet
rElec   .            (no cloak)
rCorr   .            (no gloves)
SInv    +            (no boots)
Will    .....        (no amulet) Stlth
                     b - ring of fire
HPRegen 0.33/turn    (no ring)
MPRegen 0.13/turn

%: no passive effects
@: lethally poisoned (-1 -> -7), slowed, very slow
A: no striking features
a: Renounce Religion, Stomp, Line Pass


You were on level 7 of the Dungeon.
You worshipped Uskayaw.
Uskayaw was noncommittal.
You visited 2 branches of the dungeon, and saw 9 of its levels.
You also visited: Sewer.

You collected 528 gold pieces.

Inventory:

Hand Weapons
 a - a +1 war axe
 g - a +2 flail of venom
 m - a +4 whip of venom
 w - a +0 sling
 B - the +5 flail "Joaggoihua" (weapon) {drain, rF+ Int+2 SInv}
   (You found it on level 7 of the Dungeon)

   Int+2:     It affects your intelligence (+2).
   rF+:       It protects you from fire.
   SInv:      It lets you see invisible.
 D - a +0 war axe of flaming
Missiles
 f - 7 poisoned darts (quivered)
 o - 56 stones
 y - 3 boomerangs
Armour
 c - a +0 buckler
 e - a +1 helmet (worn)
 l - a +1 ring mail of cold resistance (worn)
 t - a +0 kite shield (worn)
Jewellery
 b - a ring of fire (left hand)
 A - a ring of see invisible
Wands
 j - a wand of digging (5)
 k - a wand of charming (10)
Scrolls
 i - 4 scrolls of identify
 n - 3 scrolls of teleportation
 r - 3 scrolls of fear
 u - a scroll of immolation {unknown}
 v - 3 scrolls of blinking
 z - a scroll of enchant weapon
 C - a scroll of acquirement
Potions
 d - a potion of might
 h - 2 potions of haste
 p - 4 potions of attraction
 q - 2 potions of mutation
 x - a potion of magic
 H - 2 potions of heal wounds


   Skills:
 + Level 7.7 Fighting
 + Level 7.9(8.0) Axes
 + Level 1.6(4.4) Maces & Flails
 - Level 1.0 Throwing
 + Level 7.0 Armour
 + Level 7.0 Shields
 + Level 4.8 Invocations
 - Level 3.0 Evocations


You had 8 spell levels left.
You didn't know any spells.
Your spell library contained the following spells:

 Spells                   Type           Power      Damage    Failure   Level
 Blink                    Tloc           0%         N/A       83%         2
 Ensorcelled Hibernation  Hex/Ice        0%         N/A       83%         2
 Lesser Beckoning         Tloc           0%         N/A       83%         2
 Momentum Strike          Conj/Tloc      0%         3d8       83%         2
 Dazzling Flash           Conj/Hex       0%         N/A       97%         3
 Mephitic Cloud           Conj/Alch/Air  0%         N/A       97%         3
 Passwall                 Erth           0%         N/A       97%         3
 Swiftness                Air            0%         N/A       97%         3
 Curse of Agony           Necr           0%         N/A       100%        5
 Silence                  Hex/Air        0%         N/A       100%        5


Dungeon Overview and Level Annotations

Branches:
Dungeon (8/15)             Temple (1/1) D:5           Sewer (visited)
   Lair: D:8-11

Altars:
Ashenzari
Cheibriados
Dithmenos
Elyvilon
Fedhas
Gozag
Hepliaklqana
Kikubaaqudgha
Makhleb
Nemelex Xobeh
Okawaru
Ru
Sif Muna
Trog
Uskayaw
Vehumet
Wu Jian
Xom
Yredelemnul
Zin
The Shining One

Shops:
D:1 [

Annotations:
D:2 Sigmund


Message History

* * * LOW HITPOINT WARNING * * *
You suddenly lose the ability to move!
You can move again.
You hit the hornet.
The hornet is moderately wounded.
The hornet stings you.
* * * LOW HITPOINT WARNING * * *
You shrug off the repeated paralysis!
The hornet barely misses you.
The hornet stings you but does no damage.
You completely miss the hornet.
The hornet is moderately wounded.
You block the hornet's attack. The hornet stings you.
* * * LOW HITPOINT WARNING * * *
You shrug off the repeated paralysis!
You block the hornet's attack.
You closely miss the hornet.
The hornet is moderately wounded.
You feel yourself speed up. The hornet closely misses you.
The hornet stings you but does no damage.
The hornet stings you!
* * * LOW HITPOINT WARNING * * *
You are poisoned.
You feel yourself slow down.
You miss the hornet.
The hornet is moderately wounded.
You feel yourself speed up.
You feel very sick.
You block the hornet's attack. x2; The hornet barely misses you.
You hit the hornet. You drain the hornet.
The hornet is heavily wounded.
You feel sick. The hornet stings you.
* * * LOW HITPOINT WARNING * * *
You feel yourself slow down.
You can now pass through a line of other dancers.
You feel better. The hornet stings you.
* * * LOW HITPOINT WARNING * * *
You are poisoned.
You feel as though you will be slow longer.
The hornet stings you!
You die...

....#.........#########....#.###.
....#................##....#.....
....#................#.....######
#+###................#.......#...
.....................#.......#...
.....................#.......#...
.....................#.......#...
...............[)....#.......#...
...............y@....############
####################.............
# #........#....#............. #
#........#....#............. #
#........#....#......>...... #
#........#....#............. #
#...##...##..##.............
#...##...##'##..............
#######......)'......######..


You could see a hornet (drained).

Vanquished Creatures
  A yak (D:7)
  Menkaure (D:5)
  A water moccasin (D:5)
  Pargi (Sewer)
  Duvessa (D:7)
  4 sky beasts
  A black bear (D:5)
  3 centaurs
  Blork the orc (D:4)
  A brain worm (Sewer)
  2 scorpions
  Dowan (D:7)
  3 bombardier beetles
  A jelly (D:6)
  5 orc priests
  A hound (D:5)
  4 sleepcaps
  A gnoll bouda (D:5)
  Ijyb (D:3)
  2 iguanas
  5 orc wizards
  11 gnolls (D:5)
  6 adders
  A river rat (D:6)
  A white imp (D:5)
  2 ufetubi (D:5)
  3 dart slugs
  A ribbon worm (D:6)
  37 orcs
  10 ball pythons
  13 bats
  7 endoplasms
  5 giant cockroaches
  10 goblins
  6 hobgoblins
  4 jackals
  3 quokkas
  6 frilled lizards
  6 kobolds
  8 rats
181 creatures vanquished.

Notes
Turn   | Place    | Note
-------+----------+-------------------------------------------
     0 | D:1      | Lobster4 the Hill Orc Fighter began the quest for the Orb.
     0 | D:1      | Reached XP level 1. HP: 19/19 MP: 1/1
    27 | D:1      | Reached XP level 2. HP: 15/27 MP: 2/2
   108 | D:1      | Found Guiked's Armour Emporium.
   286 | D:1      | Reached XP level 3. HP: 33/33 MP: 3/3
   552 | D:2      | Noticed Sigmund
   879 | D:2      | Reached XP level 4. HP: 38/40 MP: 4/4
  1107 | D:3      | Reached skill level 1 in Throwing
  1231 | D:3      | Reached XP level 5. HP: 14/47 MP: 5/5
  1383 | D:3      | Noticed Ijyb
  1561 | D:3      | Killed Ijyb
  1562 | D:3      | Reached skill level 1 in Evocations
  1990 | D:4      | Noticed Blork the orc
  1999 | D:4      | Killed Blork the orc
  2000 | D:4      | Reached XP level 6. HP: 50/55 MP: 6/6
  2367 | D:4      | Noticed a sky beast
  2374 | D:4      | Killed a sky beast
  2375 | D:4      | Reached skill level 5 in Fighting
  2390 | D:4      | Reached skill level 5 in Axes
  2390 | D:4      | Reached XP level 7. HP: 48/61 MP: 7/7
  2968 | D:5      | Entered Level 5 of the Dungeon
  3009 | D:5      | Reached skill level 5 in Armour
  3009 | D:5      | Reached skill level 5 in Shields
  3228 | D:5      | Reached XP level 8. HP: 26/70 MP: 8/8
  3422 | D:5      | Found a staircase to the Ecumenical Temple.
  3434 | Temple   | Entered the Ecumenical Temple
  3444 | Temple   | Became a worshipper of Uskayaw the Reveller
  3478 | D:5      | Reached * piety under Uskayaw
  3502 | D:5      | Noticed Menkaure
  3509 | D:5      | Reached ** piety under Uskayaw
  3510 | D:5      | Killed Menkaure
  3511 | D:5      | Reached skill level 1 in Invocations
  3818 | D:5      | Reached *** piety under Uskayaw
  3945 | D:5      | Found a blossoming altar of Fedhas.
  3948 | D:5      | Found an iron altar of Okawaru.
  3951 | D:5      | Found an ornate altar of the Wu Jian Council.
  3954 | D:5      | Found a glowing golden altar of the Shining One.
  4052 | D:5      | Reached **** piety under Uskayaw
  4384 | D:6      | Found a glowing drain.
  4460 | Sewer    | Entered a sewer
  4510 | Sewer    | Noticed Pargi
  4521 | Sewer    | Killed Pargi
  4811 | D:6      | Found an opulent altar of Gozag.
  5112 | D:6      | Reached XP level 9. HP: 76/79 MP: 11/11
  5389 | D:7      | Noticed Dowan
  5390 | D:7      | Noticed Duvessa
  5404 | D:7      | Killed Duvessa
  5489 | D:7      | Killed Dowan
  5656 | D:7      | Found a sacrificial altar of Ru.
  5733 | D:7      | Identified the +5 flail "Joaggoihua" {drain, rF+ Int+2
                  | SInv}
  6367 | D:7      | Reached skill level 1 in Maces & Flails
  6430 | D:8      | Found an ancient bone altar of Kikubaaqudgha.
  6484 | D:8      | Noticed a hornet
  6495 | D:7      | Identified a scroll of acquirement
  6508 | D:7      | Paralysed by a hornet for 2 turns
  6512 | D:7      | Paralysed by a hornet for 1 turns
  6517 | D:7      | HP: 2/80 [hornet (6)]
  6518 | D:7      | Slain by a hornet

Illustrated notes

Levels and vault maps discovered:
D:1:      heliophobic_arrival_ceremonial_halls, layout_rooms, serial_shops,
          nicolae_shop_advertising_works [nicolae_subvault_shop_adworks],
          minmay_misc_feat_columns
D:2:      layout_basic, corexii_hall_statues_l, minmay_lizard_pond, uniq_sigmund
D:3:      layout_basic, uniq_ijyb
D:4:      layout_basic, serial_rivers, chequers_serial_rivers_large_b,
          chequers_serial_rivers_room_b, chequers_serial_rivers_micro_b,
          chequers_serial_rivers_room_b, uniq_blork_the_orc
D:5:      wad_crossroads, layout_rooms, grunt_temple_overflow_cloverleaf,
          minmay_temple_entry_stoned_glass, uniq_menkaure
D:6:      layout_basic, grunt_gozag_statues, portal_sewer_entry_e
D:7:      layout_gridville, mainiacjoe_overflow_alcove_4,
          minmay_misc_feat_encased, nicolae_titane, uniq_duvessa
D:8:      layout_cave_pools, mainiacjoe_overflow_catwalk,
          grunt_lair_entry_orc_guard_hut
Temple:   nicolae_temple_two_arcs

Skill      XL: |  1  2  3  4  5  6  7  8  9 |
---------------+----------------------------+-----
Axes           | 3 4 5 7 |  7.9
Fighting       | 4 5 6 7 |  7.7
Throwing       | 1 |  1.0
Armour         | 4 5 6 7 |  7.0
Shields        | 4 5 6 7 |  7.0
Evocations     | 1 2 3 |  3.0
Invocations    | 3 4 |  4.8
Maces & Flails | 1 |  1.6

Action                     |  1- 3 |  4- 6 |  7- 9 || total
---------------------------+-------+-------+-------++-------
  Melee: War axe           |    96 |    85 |   183 ||   364
         Whip              |       |    58 |    90 ||   148
         Flail             |       |       |    56 ||    56
  Throw: Dart              |       |     9 |    18 ||    27
    Use: Scroll            |     5 |     2 |     7 ||    14
         Potion            |       |     1 |     4 ||     5
   Stab: Paralysed         |       |       |     5 ||     5
 Armour: Scale mail        |    86 |    46 |       ||   132
         Skin              |       |    15 |     1 ||    16
         Ring mail         |       |    40 |   264 ||   304
  Dodge: Dodged            |    50 |    62 |   149 ||   261
  Block: Buckler           |    35 |    26 |       ||    61
         Kite shield       |       |       |   232 ||   232

Table legend: (Time is in decaauts)
 A = Elapsed time spent in this place.
 B = Non-inter-level travel time spent in this place.
 C = Inter-level travel time spent in this place.
 D = Time resting spent in this place.
 E = Time spent auto-exploring this place.
 F = Levels seen in this place.
 G = Mean time per level.
                   A        B        C        D        E       F      G
               +--------+--------+--------+--------+--------+-----+--------+
         Total |   6710 |   6488 |    222 |    714 |   4138 |  10 |  671.0 |
       Dungeon |   6505 |   6291 |    214 |    657 |   4092 |   8 |  813.1 |
        Temple |     19 |     11 |      8 |      0 |      0 |   1 |   19.0 |
         Sewer |    185 |    185 |      0 |     57 |     46 |   1 |  185.0 |
               +--------+--------+--------+--------+--------+-----+--------+

Top non-repeatable levels by time:
     D:5: 1324 daAuts
     D:7: 1115 daAuts
     D:4: 1095 daAuts
     D:6: 992 daAuts
     D:3: 880 daAuts
     D:2: 561 daAuts
     D:1: 526 daAuts
   Sewer: 185 daAuts
  Temple: 19 daAuts
     D:8: 8 daAuts
